 Dungeon Crawl Stone Soup version 0.22-a0-247-gbddf880 (webtiles) character file.

49 wazuzu the Magician (level 3, -2/24 HPs)
             Began as a Demonspawn Wizard on Feb 27, 2018.
             Killed by nerve-wracking pain
             ... invoked by Jessica
              (11 damage)
             ... on level 3 of the Dungeon.
             The game lasted 00:03:18 (2565 turns).

wazuzu the Magician (Demonspawn Wizard)             Turns: 2565, Time: 00:03:19

Health: -2/24      AC:  3    Str:  7    XL:     3   Next: 51%
Magic:  0/7        EV: 12    Int: 20    God:
Gold:   113        SH:  0    Dex: 11    Spells: 7/8 levels left

rFire    + . .     SeeInvis .   l - +0 spear
rCold    . . .     Gourm    .   (no shield)
rNeg     . . .     Faith    .   a - +0 robe
rPois    .         Spirit   +   b - +0 hat
rElec    .         Reflect  .   (no cloak)
rCorr    .         Harm     .   (no gloves)
MR       .....                  j - +0 pair of boots
Stlth    ++........             (no amulet)
HPRegen  0.08/turn              r - ring of protection from fire
MPRegen  0.10/turn              (no ring)

@: no status effects
A: horns 1, magic shield
a: no special abilities


You were on level 3 of the Dungeon.
You were not hungry.

You visited 1 branch of the dungeon, and saw 3 of its levels.

You collected 113 gold pieces.

Inventory:

Hand Weapons
 l - a +0 spear (weapon)
Armour
 a - a +0 robe (worn)
 b - a +0 hat (worn)
 j - a +0 pair of boots (worn)
 s - a +0 buckler
Jewellery
 p - an uncursed ring of see invisible {unknown}
 r - a ring of protection from fire (left hand)
 t - an uncursed ring of wizardry {unknown}
Scrolls
 e - 2 scrolls of noise {unknown}
 i - 3 scrolls of identify {unknown}
 n - 2 scrolls of remove curse {unknown}
 o - 3 scrolls of magic mapping {unknown}
 u - a scroll of teleportation {unknown}
Potions
 d - a potion of berserk rage {unknown}
 f - a potion of brilliance {unknown}
 g - a potion of curing {unknown}
 h - a potion of invisibility {unknown}
 k - a potion of flight {unknown}
 m - a potion of lignification {unknown}
 q - a potion of mutation {unknown}
Comestibles
 c - 8 rations


   Skills:
 - Level 1.7 Dodging
 - Level 1.7 Stealth
 + Level 3.4 Spellcasting
 * Level 2.9 Conjurations
   Level 1.0 Summonings
   Level 0.8 Translocations


You had 7 spell levels left.
You knew the following spells:

 Your Spells              Type           Power        Failure   Level  Hunger
a - Magic Dart            Conj           ###.         4%          1    None


Dungeon Overview and Level Annotations

Branches:
Dungeon (3/15)

Altars:

Annotations:
D:3 Jessica; wazuzu's ghost, amateur DsWz


Innate Abilities, Weirdness & Mutations

You have a pair of small horns on your head.
When hurt, damage is shared between your health and your magic reserves.


Message History

Casting: Magic Dart (safe; 4% risk of failure)
Confirm with ! or Enter, or press ? or * to list all spells!
You don't have enough magic to cast that spell!
Jessica shouts!!!
You skewer the orc but do no damage!
The orc is severely wounded!
The orc barely misses you!
Jessica mumbles some strange words!
Jessica seems to speed up!
There is a stone staircase leading down here!
Jessica mumbles some strange words!
Jessica blinks!!!
Jessica hits you!
Jessica gestures wildly while chanting!
Jessica blinks!!!
Jessica hits you! Jessica barely misses you! Jessica casts a spell at you!
Pain shoots through your body!!! rip

#....>..#
#.......#
#.......#
##.....##
##.....##
#.......##
#.o@.....##
#..........
##.@...#...
##<..##...
##### .


You could see Jessica and an orc.

Vanquished Creatures
  2 adders
  A leopard gecko (D:1)
  A giant cockroach (D:2)
  2 goblins (D:1)
  4 hobgoblins
  7 kobolds
  A ball python (D:3)
  3 bats
  3 frilled lizards
  5 rats
29 creatures vanquished.

Notes
Turn   | Place    | Note
-------+----------+-------------------------------------------
     0 | D:1      | wazuzu the Demonspawn Wizard began the quest for the Orb.
     0 | D:1      | Reached XP level 1. HP: 13/13 MP: 4/4
   545 | D:1      | Gained mutation: When hurt, damage is shared between your health and your magic reserves. [demonic ancestry]
   545 | D:1      | Reached XP level 2. HP: 19/19 MP: 3/6
  1511 | D:2      | Gained mutation: You have a pair of small horns on your head. [demonic ancestry]
  1511 | D:2      | Reached XP level 3. HP: 24/24 MP: 0/7
  2495 | D:3      | Noticed wazuzu's ghost (amateur DsWz)
  2548 | D:3      | Noticed Jessica
  2565 | D:3      | Killed from afar by Jessica

Vault maps used:
D:1:      scummos_arrival_forest
D:3:      grunt_dithmenos_smoke_and_mirrors, uniq_jessica

Skill      XL: |  1  2 |
---------------+-------+-----
Conjurations   | 2 |  2.9
Dodging        | |  1.7
Stealth        | |  1.7
Spellcasting   | |  3.4
Summonings     | |  1.0
Translocations | |  0.8

Action                   || total
-------------------------++-------
Melee: Short sword       ||    12
       Spear             ||    26
       Headbutt          ||     2
 Cast: Magic Dart        ||    79
  Eat: Chunk             ||     5
Armor: Robe              ||    15
Dodge: Dodged            ||    31

Table legend:
 A = Spawn XP
 B = Non-spawn XP
 C = Spawn XP percentage of total XP
 D = Spawn monster count
 E = Non-spawn monster count
 F = Spawn count percentage of total count
 G = Total turns spent on level
                    A         B        C        D         E        F      G
               +---------+---------+-------+---------+---------+-------+---------
         Total |       0 |      70 |   0.0 |       0 |      29 |   0.0 |  2565
               +---------+---------+-------+---------+---------+-------+---------
           D:1 |       0 |      29 |   0.0 |       0 |      18 |   0.0 |  1237
           D:2 |       0 |      22 |   0.0 |       0 |       7 |   0.0 |  1194
           D:3 |       0 |      19 |   0.0 |       0 |       4 |   0.0 |   134
               +---------+---------+-------+---------+---------+-------+---------
